EL
PENSACOLA BLUE WAHOOS @ ALTOONA CURVE
08/12/2049
 
TOP OF THE 1ST
Pensacola Blue Wahoos batting - Pitching for Altoona Curve : LHP Ben Buerck
Pitching: LHP Ben Buerck
Batting: RHB Solange Le Coq 0-0: Ball
1-0: Foul Ball, location: 2F
1-1: Ball
2-1: Foul Ball, location: 2F
2-2: Strikes out swinging
Batting: RHB Andy Urquhart 0-0: Called Strike
0-1: Ball
1-1: Foul Ball, location: 2F
1-2: Ball
2-2: Ball
3-2: Foul Ball, location: 2F
3-2: Foul Ball, location: 2F
3-2: Strikes out looking
Batting: RHB Mark Williams 0-0: Ball
1-0: Ball
2-0: Foul Ball, location: 2F
2-1: Reached on error, E8 (Flyball, 8LM, EV 87.5 MPH)
Batting: RHB Chris Norris 0-0: Ball
1-0: Called Strike
1-1: Ground out 6-3 (Groundball, P, EV 81.2 MPH)
Top of the 1st over - 0 runs, 0 hits, 1 error, 1 left on base; Pensacola 0 - Altoona 0
BOTTOM OF THE 1ST
Altoona Curve batting - Pitching for Pensacola Blue Wahoos : LHP Jason St. Clair
Pitching: LHP Jason St. Clair
Batting: RHB Melvin Durland 0-0: Ball
1-0: Ball
2-0: Foul Ball, location: 2F
2-1: Foul Ball, location: 2F
2-2: Ground out 1-3 (Groundball, 13, EV 68.1 MPH)
Batting: RHB Chris McCoy 0-0: Swinging Strike
0-1: Ball
1-1: Ball
2-1: Ball
3-1: Fly out, F9 (Flyball, 9D, EV 85.0 MPH)
Batting: LHB Josh Aerni 0-0: Called Strike
0-1: Ball
1-1: Foul Ball, location: 2F
1-2: Ball
2-2: SINGLE (Groundball, 4M, EV 83.1 MPH) (infield hit)
Batting: RHB Brandon White 0-0: Called Strike
0-1: Ball
1-1: Ball
2-1: Foul Ball, location: 2F
2-2: Foul Ball, location: 2F
2-2: SINGLE (Groundball, 34D, EV 96.2 MPH)
Josh Aerni to second
Runner from 2nd tries for 3rd, SAFE, throw by RF made to third
Batting: LHB Joe Wise 0-0: Ball
1-0: Ball
2-0: Foul Ball, location: 2F
2-1: Ball
3-1: Ground out 4-3 (Groundball, 34S, EV 91.2 MPH)
Bottom of the 1st over - 0 runs, 2 hits, 0 errors, 2 left on base; Pensacola 0 - Altoona 0
TOP OF THE 2ND
Pensacola Blue Wahoos batting - Pitching for Altoona Curve : LHP Ben Buerck
Batting: RHB Jose Nunez 0-0: Ball
1-0: Called Strike
1-1: Swinging Strike
1-2: Ball
2-2: Strikes out swinging
Batting: RHB Jon Marquez 0-0: Ball
1-0: SINGLE (Groundball, 6S, EV 72.5 MPH) (infield hit)
Batting: RHB Armando Moz 0-0: Ball
1-0: Called Strike
1-1: Ball
2-1: Swinging Strike
2-2: Foul Ball, location: 2F
2-2: Strikes out swinging
Batting: RHB Luis Solorzano 0-0: Ball
1-0: Called Strike
1-1: Ball
2-1: Ball
3-1: Foul Ball, location: 2F
3-2: Foul Ball, location: 2F
3-2: Foul Ball, location: 2F
3-2: Foul Ball, location: 2F
3-2: Foul Ball, location: 2F
3-2: Foul Ball, location: 2F
3-2: Ground out 5-3 (Groundball, 5, EV 82.5 MPH)
Top of the 2nd over - 0 runs, 1 hit, 0 errors, 1 left on base; Pensacola 0 - Altoona 0
BOTTOM OF THE 2ND
Altoona Curve batting - Pitching for Pensacola Blue Wahoos : LHP Jason St. Clair
Batting: RHB Steve Terres 0-0: Called Strike
0-1: Foul Ball, location: 2F
0-2: Strikes out swinging
Batting: RHB Tim Moore 0-0: SINGLE (Groundball, 6MD, EV 95.0 MPH)
Batting: RHB Terrence Wilson 0-0: Ball
1-0: Ball
2-0: Ball
3-0: Base on Balls
Tim Moore to second
Batting: RHB Joe Young 0-0: Ball
1-0: Foul Ball, location: 2F
1-1: Grounds into double play, 6-4-3 (Groundball, 6, EV 101.2 MPH)
Bottom of the 2nd over - 0 runs, 1 hit, 0 errors, 1 left on base; Pensacola 0 - Altoona 0
TOP OF THE 3RD
Pensacola Blue Wahoos batting - Pitching for Altoona Curve : LHP Ben Buerck
Batting: RHB Ryan Short 0-0: Called Strike
0-1: Foul Ball, location: 2F
0-2: Ball
1-2: DOUBLE (Flyball, 78D, EV 93.8 MPH)
Batting: RHB Solange Le Coq 0-0: Ball
1-0: Ground out 6-3 (Groundball, 56, EV 76.2 MPH)
Batting: RHB Andy Urquhart 0-0: Called Strike
0-1: Ball
1-1: Ball
2-1: Swinging Strike
2-2: Ball
3-2: Foul Ball, location: 2F
3-2: Strikes out swinging
Batting: RHB Mark Williams 0-0: Hit by Pitch
Batting: RHB Chris Norris 0-0: Ball
1-0: Foul Ball, location: 2F
1-1: SINGLE (Line Drive, 56D, EV 106.2 MPH)
Ryan Short to third
Mark Williams to second
Runner from 3rd tries for Home, SAFE, throw by LF to home
Batting: RHB Jose Nunez 0-0: Swinging Strike
0-1: Foul Ball, location: 2F
0-2: Ball
1-2: Fielders Choice at 2nd, 6-4 (Groundball, 56, EV 87.5 MPH)
Top of the 3rd over - 1 run, 2 hits, 0 errors, 2 left on base; Pensacola 1 - Altoona 0
BOTTOM OF THE 3RD
Altoona Curve batting - Pitching for Pensacola Blue Wahoos : LHP Jason St. Clair
Batting: RHB Melvin Durland 0-0: Ground out 6-3 (Groundball, 6D, EV 82.5 MPH)
Batting: RHB Chris McCoy 0-0: Called Strike
0-1: Foul Ball, location: 2F
0-2: Ball
1-2: SINGLE (Groundball, 34D, EV 100.0 MPH)
Batting: LHB Josh Aerni 0-0: Called Strike
0-1: Ball
1-1: Called Strike
1-2: Foul Ball, location: 2F
1-2: Foul Ball, location: 2F
1-2: Ball
2-2: Ball
Chris McCoy steals 2nd base
3-2: Fly out, F9 (Flyball, 9D, EV 97.5 MPH)
Runner from 2nd tags up, SAFE at 3rd, no throw by RF
Batting: RHB Brandon White 0-0: Ball
1-0: Foul Ball, location: 2F
1-1: Foul Ball, location: 2F
1-2: Strikes out swinging
Bottom of the 3rd over - 0 runs, 1 hit, 0 errors, 1 left on base; Pensacola 1 - Altoona 0
TOP OF THE 4TH
Pensacola Blue Wahoos batting - Pitching for Altoona Curve : LHP Ben Buerck
Batting: RHB Jon Marquez 0-0: Called Strike
0-1: Foul Ball, location: 2F
0-2: Strikes out looking
Batting: RHB Armando Moz 0-0: SINGLE (Groundball, 56D, EV 105.6 MPH)
Batting: RHB Luis Solorzano 0-0: Fielders Choice at 2nd, 6-4 (Groundball, 6M, EV 84.4 MPH)
Batting: RHB Ryan Short 0-0: Fly out, F3 (Flyball, 3D, EV 88.1 MPH)
Top of the 4th over - 0 runs, 1 hit, 0 errors, 1 left on base; Pensacola 1 - Altoona 0
BOTTOM OF THE 4TH
Altoona Curve batting - Pitching for Pensacola Blue Wahoos : LHP Jason St. Clair
Batting: LHB Joe Wise 0-0: Called Strike
0-1: Ground out 6-3 (Groundball, 6, EV 100.0 MPH)
Batting: RHB Steve Terres 0-0: Ball
1-0: Foul Ball, location: 2F
1-1: Ball
2-1: Foul Ball, location: 2F
2-2: Ball
3-2: Base on Balls
Batting: RHB Tim Moore 0-0: Ball
1-0: Ball
2-0: SINGLE (Groundball, 34D, EV 96.9 MPH)
Steve Terres to second
Runner from 2nd tries for 3rd, SAFE, throw by RF made to third
Batting: RHB Terrence Wilson 0-0: Called Strike
0-1: Called Strike
0-2: Ball
1-2: Foul Ball, location: 2F
1-2: Reached on error, E4 (Groundball, 4, EV 85.6 MPH)
Steve Terres scores
Tim Moore to second
Batting: RHB Joe Young 0-0: Ball
1-0: Called Strike
1-1: Foul Ball, location: 2F
1-2: Foul Ball, location: 2F
1-2: Ball
2-2: Fielders Choice at 2nd, 1-6 (Groundball, 13, EV 64.4 MPH)
Tim Moore to third
Batting: RHB Melvin Durland 0-0: Swinging Strike
0-1: SINGLE (Groundball, 4MD, EV 101.9 MPH)
Tim Moore scores
Joe Young to second
Batting: RHB Chris McCoy 0-0: DOUBLE (Flyball, 8LXD, EV 112.5 MPH)
Joe Young scores
Melvin Durland to third
Runner from 3rd tries for Home, SAFE, throw by CF to home
Batting: LHB Josh Aerni 0-0: Called Strike
0-1: Ball
1-1: Ball
2-1: Called Strike
2-2: Foul Ball, location: 2F
2-2: Ball
3-2: Base on Balls
Batting: RHB Brandon White 0-0: Ball
1-0: Ball
2-0: Ball
3-0: Called Strike
3-1: Ground out 4-3 (Groundball, 4, EV 88.1 MPH)
Bottom of the 4th over - 4 runs, 3 hits, 1 error, 2 left on base; Pensacola 1 - Altoona 4
TOP OF THE 5TH
Pensacola Blue Wahoos batting - Pitching for Altoona Curve : LHP Ben Buerck
Batting: RHB Solange Le Coq 0-0: Ball
1-0: Called Strike
1-1: Bunt missed!
1-2: Foul Ball, location: 2F
1-2: Ground out 5-3 (Groundball, 56, EV 108.1 MPH)
Batting: RHB Andy Urquhart 0-0: Fly out, F8 (Flyball, 78D, EV 106.9 MPH)
Batting: RHB Mark Williams 0-0: Foul Ball, location: 2F
0-1: Foul Ball, location: 2F
0-2: Fly out, F9 (Flyball, 9, EV 79.4 MPH)
Top of the 5th over - 0 runs, 0 hits, 0 errors, 0 left on base; Pensacola 1 - Altoona 4
BOTTOM OF THE 5TH
Altoona Curve batting - Pitching for Pensacola Blue Wahoos : LHP Jason St. Clair
Batting: LHB Joe Wise 0-0: Called Strike
0-1: SINGLE (Groundball, 34D, EV 100.6 MPH)
Batting: RHB Steve Terres 0-0: Called Strike
0-1: Ball
1-1: Foul Ball, location: 2F
1-2: Ball
2-2: Strikes out swinging
Batting: RHB Tim Moore 0-0: Called Strike
0-1: Foul Ball, location: 2F
0-2: Ball
1-2: Ball
2-2: Ball
3-2: Foul Ball, location: 2F
3-2: Fly out, F9 (Flyball, 89M, EV 90.6 MPH)
Pitching: LHP Davy Thorne
Batting: RHB Terrence Wilson 0-0: Ball
Joe Wise steals 2nd base
1-0: Ball
2-0: Ground out 3-1 (Groundball, 34, EV 93.1 MPH)
Bottom of the 5th over - 0 runs, 1 hit, 0 errors, 1 left on base; Pensacola 1 - Altoona 4
TOP OF THE 6TH
Pensacola Blue Wahoos batting - Pitching for Altoona Curve : LHP Ben Buerck
Batting: RHB Chris Norris 0-0: Ball
1-0: Swinging Strike
1-1: Ball
2-1: Ball
3-1: DOUBLE (Line Drive, 3D, EV 96.2 MPH)
Batting: RHB Jose Nunez 0-0: Called Strike
0-1: Ball
1-1: Foul Ball, location: 2F
1-2: Strikes out looking
Batting: RHB Jon Marquez 0-0: SINGLE (Line Drive, 6MD, EV 95.0 MPH)
Chris Norris to third
Runner from 3rd tries for Home, throw by CF and OUT! 8-2
Batting: RHB Armando Moz 0-0: Swinging Strike
0-1: Ball
1-1: Swinging Strike
1-2: Ball
2-2: Strikes out swinging
Top of the 6th over - 0 runs, 2 hits, 0 errors, 1 left on base; Pensacola 1 - Altoona 4
BOTTOM OF THE 6TH
Altoona Curve batting - Pitching for Pensacola Blue Wahoos : LHP Davy Thorne
Batting: RHB Joe Young 0-0: Foul Ball, location: 2F
0-1: Fly out, F7 (Line Drive, 7LM, EV 95.0 MPH)
Batting: RHB Melvin Durland 0-0: Ball
1-0: Ball
2-0: Ball
3-0: Called Strike
3-1: Called Strike
3-2: Base on Balls
Batting: RHB Chris McCoy 0-0: Called Strike
0-1: Foul Ball, location: 2F
0-2: Grounds into double play, 4-6-3 (Groundball, 4, EV 98.8 MPH)
Bottom of the 6th over - 0 runs, 0 hits, 0 errors, 0 left on base; Pensacola 1 - Altoona 4
TOP OF THE 7TH
Pensacola Blue Wahoos batting - Pitching for Altoona Curve : LHP Ben Buerck
Pitching: RHP Greg Adair
Batting: RHB Luis Solorzano 0-0: Ball
1-0: Fly out, F1 (Line Drive, P, EV 68.8 MPH)
Batting: RHB Ryan Short 0-0: Called Strike
0-1: Foul Ball, location: 2F
0-2: Ball
1-2: Ball
2-2: Foul Ball, location: 2F
2-2: Ball
3-2: Foul Ball, location: 2F
3-2: Strikes out swinging
Batting: RHB Solange Le Coq 0-0: Ball
1-0: Ball
2-0: Called Strike
2-1: Called Strike
2-2: Ball
3-2: Base on Balls
Batting: RHB Andy Urquhart 0-0: Ball
Solange Le Coq is caught stealing 2nd base 2-4
Top of the 7th over - 0 runs, 0 hits, 0 errors, 0 left on base; Pensacola 1 - Altoona 4
BOTTOM OF THE 7TH
Altoona Curve batting - Pitching for Pensacola Blue Wahoos : LHP Davy Thorne
Batting: LHB Josh Aerni 0-0: Ground out 5-3 (Groundball, 5L, EV 106.2 MPH)
Batting: RHB Brandon White 0-0: Ball
1-0: Ball
2-0: Ball
3-0: Called Strike
3-1: Base on Balls
Batting: LHB Joe Wise 0-0: Ball
1-0: Foul Ball, location: 2F
1-1: Fly out, F8 (Flyball, 8LD, EV 96.2 MPH)
Batting: RHB Steve Terres 0-0: Ball
1-0: Ground out 4-3 (Groundball, 34, EV 109.4 MPH)
Bottom of the 7th over - 0 runs, 0 hits, 0 errors, 1 left on base; Pensacola 1 - Altoona 4
TOP OF THE 8TH
Pensacola Blue Wahoos batting - Pitching for Altoona Curve : RHP Greg Adair
Batting: RHB Andy Urquhart 0-0: Foul Ball, location: 2F
0-1: Ball
1-1: Swinging Strike
1-2: Strikes out swinging
Batting: RHB Mark Williams 0-0: SINGLE (Groundball, 34, EV 88.8 MPH) (infield hit)
Batting: RHB Chris Norris 0-0: Swinging Strike
0-1: Called Strike
0-2: Ball
1-2: Fly out, F8 (Flyball, 8LS, EV 87.5 MPH)
Batting: RHB Jose Nunez 0-0: Foul Ball, location: 2F
0-1: 2-RUN HOME RUN (Flyball, 7LD, EV 92.5 MPH), Distance : 340 ft
Batting: RHB Jon Marquez 0-0: Called Strike
0-1: Swinging Strike
0-2: Ball
1-2: SINGLE (Groundball, 3D, EV 94.4 MPH)
Batting: RHB Armando Moz 0-0: Ball
1-0: Called Strike
1-1: Ball
Passed Ball!
Jon Marquez to second
2-1: Ball
3-1: Base on Balls
Pinch Hitting: SHB Bobby O'Leary 0-0: Swinging Strike
0-1: Swinging Strike
0-2: Foul Ball, location: 2F
0-2: Ball
1-2: Strikes out swinging
Top of the 8th over - 2 runs, 3 hits, 0 errors, 2 left on base; Pensacola 3 - Altoona 4
BOTTOM OF THE 8TH
Altoona Curve batting - Pitching for Pensacola Blue Wahoos : LHP Davy Thorne
Pitching: RHP Damian Molina
Now at 3B: Bobby O'Leary
Batting: RHB Tim Moore 0-0: Called Strike
0-1: Called Strike
0-2: Strikes out swinging
Batting: RHB Terrence Wilson 0-0: Foul Ball, location: 2F
0-1: Foul Ball, location: 2F
0-2: Foul Ball, location: 2F
0-2: Ball
1-2: Foul Ball, location: 2F
1-2: Foul Ball, location: 2F
1-2: Strikes out swinging
Batting: RHB Joe Young 0-0: Ball
1-0: Ball
2-0: Called Strike
2-1: Ball
3-1: Ground out 5-3 (Groundball, 56S, EV 86.9 MPH)
Bottom of the 8th over - 0 runs, 0 hits, 0 errors, 0 left on base; Pensacola 3 - Altoona 4
TOP OF THE 9TH
Pensacola Blue Wahoos batting - Pitching for Altoona Curve : RHP Greg Adair
Pitching: RHP Joe Simanton
Now at 1B: Tim Moore
Now at 3B: Mike Handrahan
Batting: RHB Ryan Short 0-0: Ball
1-0: Ball
2-0: Called Strike
2-1: Ball
3-1: Called Strike
3-2: Foul Ball, location: 2F
3-2: Foul Ball, location: 2F
3-2: Base on Balls
Batting: RHB Solange Le Coq 0-0: Ball
1-0: Sac Bunt to 2R - play at first, batter OUT! 2-3
Ryan Short to second
Pinch Hitting: LHB Matthew Berry 0-0: Ball
1-0: Ball
2-0: Foul Ball, location: 2F
2-1: DOUBLE (Line Drive, 7LM, EV 110.6 MPH)
Ryan Short scores
Batting: RHB Mark Williams 0-0: Foul Ball, location: 2F
0-1: Swinging Strike
0-2: Ball
1-2: Ball
2-2: Ball
3-2: Foul Ball, location: 2F
3-2: Strikes out looking
Batting: RHB Chris Norris 0-0: DOUBLE (Groundball, 5L, EV 101.9 MPH)
Matthew Berry scores
Batting: RHB Jose Nunez 0-0: Ball
1-0: Foul Ball, location: 2F
1-1: Ball
2-1: Ball
3-1: DOUBLE (Groundball, 5L, EV 105.6 MPH)
Chris Norris scores
Batting: RHB Jon Marquez 0-0: Ball
1-0: Foul Ball, location: 2F
1-1: Called Strike
1-2: Ball
2-2: Strikes out looking
Top of the 9th over - 3 runs, 3 hits, 0 errors, 1 left on base; Pensacola 6 - Altoona 4
BOTTOM OF THE 9TH
Altoona Curve batting - Pitching for Pensacola Blue Wahoos : RHP Damian Molina
Pitching: RHP Dave Kurtz
Now at 2B: Ryan Short
Now at SS: Alex Velasquez
Now in RF: Ralph Braine
Batting: RHB Melvin Durland 0-0: Ball
1-0: Ball
2-0: Foul Ball, location: 2F
2-1: Swinging Strike
2-2: Strikes out looking
Batting: RHB Chris McCoy 0-0: Called Strike
0-1: Fly out, F8 (Line Drive, 8LM, EV 92.5 MPH)
Batting: LHB Mike Handrahan 0-0: Foul Ball, location: 2F
0-1: Ball
1-1: Swinging Strike
1-2: Strikes out swinging
Bottom of the 9th over - 0 runs, 0 hits, 0 errors, 0 left on base; Pensacola 6 - Altoona 4
Sunday, July 16th , 2023 - OOTP Baseball 24.6 Build 69